 Dungeon Crawl Stone Soup version 0.32-a0-872-g59262bdc9b (webtiles) character file.

Game seed: 9527473671389140295

1206 shadizar the Thaumaturge (level 8, 0/50 HPs)
             Began as a Djinni Conjurer on Mar 30, 2024.
             Slain by a phantom (2 damage)
             ... on level 5 of the Dungeon.
             The game lasted 00:03:15 (4582 turns).

shadizar the Thaumaturge (Djinni Conjurer)          Turns: 4582, Time: 00:03:16

Health: 0/50       AC:  2    Str:  6    XL:     8   Next: 73%
Gold:   305        EV: 11    Int: 23    God:
                   SH:  0    Dex: 11

rFire   + + .        (no weapon)
rCold   x . .        (no shield)
rNeg    . . .        a - +0 robe
rPois   ∞            (no helmet)
rElec   .            b - scarf {repulsion}
rCorr   .            (no gloves)
SInv    .            (boots unavailable)
Will    +....        (no amulet)
Stlth   ++           (no ring)
HPRegen 0.28/turn    (no ring)
MPRegen 0.00/turn

%: repel missiles, infuse magic (-1 HP)
@: enlightened, flying
A: sickness immunity, fire resistance 2, cold vulnerability 1, float, innate
caster, HP casting, extra vitality 1
a: no special abilities


You were on level 5 of the Dungeon.
You visited 1 branch of the dungeon, and saw 5 of its levels.

You collected 305 gold pieces.

Inventory:

Armour
 a - a +0 robe (worn)
 b - a scarf of repulsion (worn)
 v - an orb of wrath
Jewellery
 i - an amulet of faith
 l - a ring of resist corrosion
Scrolls
 c - 3 scrolls of revelation {unknown}
 e - 2 scrolls of enchant armour {unknown}
 g - a scroll of vulnerability {unknown}
 j - 2 scrolls of teleportation {unknown}
 m - a scroll of fog {unknown}
 p - a scroll of enchant weapon {unknown}
 q - a scroll of acquirement {unknown}
 s - a scroll of amnesia {unknown}
 t - a scroll of blinking {unknown}
 w - a scroll of identify {unknown}
Potions
 d - a potion of berserk rage {unknown}
 f - a potion of magic {unknown}
 h - 2 potions of degeneration {unknown}
 k - 2 potions of mutation {unknown}
 n - a potion of resistance {unknown}
 o - 2 potions of enlightenment
 r - a potion of haste {unknown}
 u - a potion of attraction {unknown}


   Skills:
 - Level 2.1 Dodging
 - Level 1.5 Stealth
 + Level 8.5 Spellcasting
 + Level 8.5 Conjurations
 + Level 8.5 Hexes
 + Level 8.5 Summonings
 + Level 8.5 Necromancy
 + Level 8.5 Translocations
 + Level 8.5 Fire Magic
 + Level 8.5 Ice Magic
 + Level 8.5 Air Magic
 + Level 8.5 Earth Magic
 + Level 8.5 Alchemy


You knew the following spells:

 Your Spells              Type           Power      Damage    Failure   Level
a - Magic Dart            Conj           100%       1d8       1%          1
b - Searing Ray           Conj           98%        2d8       1%          2
c - Fulminant Prism       Conj/Alch      24%        3d12      1%          4
d - Iskenderun's Mystic   Conj/Tloc      49%        2d11      (+2d51%     4
e - Freeze                Ice            100%       1d10      1%          1
f - Lesser Beckoning      Tloc           98%        N/A       1%          2
g - Sigil of Binding      Hex            49%        N/A       1%          3
Your spell library was empty.

Dungeon Overview and Level Annotations

Branches:
Dungeon (5/15)
 Temple: D:4-7

Altars:
Gozag
Nemelex Xobeh
Ru

Annotations:
D:2 1 runed translucent door, Crazy Yiuf
D:4 2 transporters, MirrMurr's ghost, amateur GnWr


Innate Abilities, Weirdness & Mutations

You are immune to sickness and miasma.
You are immune to poison.
Your flesh is very heat resistant. (rF++)
You are vulnerable to cold. (rC-)
You float through the air rather than walking.
You learn spells naturally, not from books.
Your magical power is your life essence.
You have superior vitality. (+4 MHP)


Message History

You kill the ogre!
* * * LOW HITPOINT WARNING * * *
Unknown command.
Unknown command.
Unknown command.
Unknown command.
Unknown command.
Casting: Iskenderun's Mystic Blast (dangerous; 1% risk of failure)
Confirm with . or Enter, or press ? or * to list all spells.
You erupt in a blast of force!
The mystic blast hits the phantom.
The phantom is moderately damaged.
The phantom is knocked back by the mystic blast.
* * * LOW HITPOINT WARNING * * *
Unknown command.
Unknown command.
Unknown command.
Unknown command.
Casting: Iskenderun's Mystic Blast (dangerous; 1% risk of failure)
Confirm with . or Enter, or press ? or * to list all spells.
You erupt in a blast of force!
The mystic blast hits the phantom!
The phantom is severely damaged.
The phantom is knocked back by the mystic blast.
* * * LOW HITPOINT WARNING * * *
Unknown command.
Casting: Iskenderun's Mystic Blast (dangerous; 1% risk of failure)
Confirm with . or Enter, or press ? or * to list all spells.
You don't have enough health to cast this spell.
Unknown command.
Unknown command.
Unknown command.
Unknown command.
Unknown command.
Unknown command.
Unknown command.
Unknown command.
Unknown command.
It was a potion of enlightenment.
You feel more buoyant. The phantom hits you.
You die...

## #### . .....
##.......
#........
#.#..ß... #
#####.#)....#
..#...........#
#.......Z.#
##.....@W.#
###.#..### ..
##...# #. #...#
.. ###.####### #
#.......##### ##
#..####.....#
...##.#....~...#
#........~~...#


You could see a phantom and a scorpion zombie.

Vanquished Creatures
  A black bear (D:5)
  2 centaurs (D:5)
  An ogre (D:5)
  4 phantoms
  2 scorpions
  2 water moccasin zombies (D:5)
  A water moccasin skeleton (D:5)
  A bullfrog zombie (D:5)
  A hound (D:4)
  A centaur skeleton (D:5)
  Terence (D:2)
  Jessica (D:2)
  3 hound zombies (D:5)
  A hound skeleton (D:5)
  4 adders
  2 ufetubi (D:5)
  A dart slug (D:1)
  4 orcs
  7 bats
  2 endoplasms
  7 giant cockroaches
  3 goblins
  5 hobgoblins
  7 jackals (D:2)
  2 quokkas
  5 ball pythons
  3 frilled lizards (D:1)
  6 kobolds
  4 rats
84 creatures vanquished.

Notes
Turn   | Place    | Note
-------+----------+-------------------------------------------
     0 | D:1      | shadizar the Djinni Conjurer began the quest for the Orb.
     0 | D:1      | shadizar set off with the following spells memorised: Magic
                  | Dart, Searing Ray, Fulminant Prism, Iskenderun's Mystic
                  | Blast.
     0 | D:1      | Reached XP level 1. HP: 15/15 MP: 0/0
   169 | D:1      | Reached XP level 2. HP: 21/21 MP: 0/0
   670 | D:1      | Reached XP level 3. HP: 23/25 MP: 0/0
   670 | D:1      | Learned a level 1 spell: Freeze
  1077 | D:2      | Noticed Jessica
  1084 | D:2      | Killed Jessica
  1085 | D:2      | Reached XP level 4. HP: 24/31 MP: 0/0
  1617 | D:2      | Found a runed translucent door.
  1618 | D:2      | Noticed Crazy Yiuf
  1717 | D:2      | Noticed Terence
  1725 | D:2      | Killed Terence
  2092 | D:3      | Reached skill level 5 in Spellcasting
  2092 | D:3      | Reached skill level 5 in Conjurations
  2092 | D:3      | Reached skill level 5 in Hexes
  2092 | D:3      | Reached skill level 5 in Summonings
  2092 | D:3      | Reached skill level 5 in Necromancy
  2092 | D:3      | Reached skill level 5 in Translocations
  2092 | D:3      | Reached skill level 5 in Fire Magic
  2092 | D:3      | Reached skill level 5 in Ice Magic
  2092 | D:3      | Reached skill level 5 in Air Magic
  2092 | D:3      | Reached skill level 5 in Earth Magic
  2092 | D:3      | Reached skill level 5 in Alchemy
  2092 | D:3      | Reached XP level 5. HP: 28/35 MP: 0/0
  2092 | D:3      | Learned a level 2 spell: Lesser Beckoning
  2345 | D:3      | Found an opulent altar of Gozag.
  2536 | D:3      | Reached XP level 6. HP: 24/40 MP: 0/0
  3549 | D:4      | Found a transporter.
  3550 | D:4      | Found a transporter.
  3551 | D:4      | Noticed MirrMurr's ghost (amateur GnWr)
  3554 | D:4      | Noticed an ogre
  3669 | D:4      | Found a sparkling altar of Nemelex Xobeh.
  3741 | D:4      | Noticed an ogre
  3762 | D:4      | Found a sacrificial altar of Ru.
  4016 | D:4      | Reached XP level 7. HP: 41/45 MP: 0/0
  4016 | D:4      | Learned a level 3 spell: Sigil of Binding
  4158 | D:5      | Entered Level 5 of the Dungeon
  4174 | D:5      | Reached XP level 8. HP: 19/50 MP: 0/0
  4582 | D:5      | Slain by a phantom

Illustrated notes

Levels and vault maps discovered:
D:1:      dpeg_arrival_rhombi, layout_basic
D:2:      layout_basic, nicolae_houndstooth_variations, uniq_jessica,
          uniq_terence, uniq_crazy_yiuf_cottage
D:3:      layout_basic, mainiacjoe_overflow_concentric_impassable,
          serial_co_window_serial, co_window_paths_a, co_window_corner_a,
          co_window_paths_a, co_window_paths_a, co_window_paths_a,
          co_window_broadway_b, co_window_corner_b, co_window_2corner,
          co_window_unsneaky_path_a, co_window_of_opportunity_b,
          co_window_of_opportunity_b, co_window_unsneaky_path_b,
          co_window_4corner_b, glass_columns_b, glass_columns_a,
          glass_columns_b, glass_columns_b, glass_columns_b
D:4:      layout_basic, nemelex_spade_bored_becter, nicolae_ru_awakened_eye,
          gammafunk_ghost_smash
D:5:      layout_rooms, serial_undead, serial_undead_c, serial_undead_a,
          serial_undead_a, serial_undead_d, serial_undead_a, serial_undead_d,
          serial_undead_d, serial_undead_f, serial_undead_e, serial_undead_f,
          portal_sewer_entry_d, minmay_misc_feat_secret_circle

Skill      XL: |  1  2  3  4  5  6  7  8 |
---------------+-------------------------+-----
Spellcasting   | 4 5 6 7 8 |  8.5
Conjurations   | 4 5 6 7 8 |  8.5
Hexes          | 4 5 6 7 8 |  8.5
Summonings     | 4 5 6 7 8 |  8.5
Necromancy     | 4 5 6 7 8 |  8.5
Translocations | 4 5 6 7 8 |  8.5
Fire Magic     | 4 5 6 7 8 |  8.5
Ice Magic      | 4 5 6 7 8 |  8.5
Air Magic      | 4 5 6 7 8 |  8.5
Earth Magic    | 4 5 6 7 8 |  8.5
Alchemy        | 4 5 6 7 8 |  8.5
Dodging        | |  2.1
Stealth        | |  1.5

Action                     |  1- 3 |  4- 6 |  7- 9 || total
---------------------------+-------+-------+-------++-------
  Melee: Unarmed           |       |       |     1 ||     1
   Cast: Magic Dart        |    55 |   103 |    16 ||   174
         Freeze            |       |     5 |       ||     5
         Searing Ray       |       |     1 |     6 ||     7
         Iskenderun's Myst |       |       |    13 ||    13
    Use: Potion            |       |       |     1 ||     1
 Armour: Robe              |     2 |    17 |    25 ||    44
  Dodge: Dodged            |     9 |    12 |    26 ||    47
         Repelled          |       |       |     3 ||     3

Table legend: (Time is in decaauts)
 A = Elapsed time spent in this place.
 B = Non-inter-level travel time spent in this place.
 C = Inter-level travel time spent in this place.
 D = Time resting spent in this place.
 E = Time spent auto-exploring this place.
 F = Levels seen in this place.
 G = Mean time per level.
                   A        B        C        D        E       F      G
               +--------+--------+--------+--------+--------+-----+--------+
         Total |   4584 |   4236 |    348 |      0 |   3759 |   5 |  916.8 |
       Dungeon |   4584 |   4236 |    348 |      0 |   3759 |   5 |  916.8 |
               +--------+--------+--------+--------+--------+-----+--------+

Top non-repeatable levels by time:
     D:3: 1257 daAuts
     D:2: 1209 daAuts
     D:4: 1019 daAuts
     D:1: 927 daAuts
     D:5: 170 daAuts
